 Dungeon Sprint DCSS version 0.32-a0-473-gd044c6f0f0 (webtiles) character file.

Game seed: 10620485760733642503

169200 rocky1 the Intangible (level 16, -7/222 HPs)
             Began as a Coglin Gladiator on Feb 26, 2024.
             Was an Initiate of Gozag.
             Killed from afar by Frederick (76 damage)
             ... with an iron shot
             ... in the Dungeon (Sprint IX: "|||||||||||||||||||||||||||||").
             The game lasted 00:28:15 (7970 turns).

rocky1 the Intangible (Coglin Gladiator)            Turns: 7970, Time: 00:28:17

Health: -7/222     AC: 40    Str: 19    XL:     16   Next: 40%
Magic:  16/16      EV: 19    Int: 12    God:    Gozag
Gold:   5432       SH:  0    Dex: 21    Spells: 15/15 levels left

rFire   + + +        t - +2 scimitar (flame) {Juwon}
rCold   + + +        n - +10 zealot's sword {holy, Zealotry, *Rage rN+ EV+3}
rNeg    + . .        o - +9 scales of the Dragon King {rPois rF+ rC+ Will+}
rPois   +            c - +0 helmet
rElec   +            z - +0 cloak
rCorr   +            D - +1 pair of gloves
SInv    .            J - +0 pair of boots {Stlth+}
Will    ++...        b - amulet of Heidway {RegenMP ^Fragile rElec Str+3 Int+3} Stlth
                     (ring unavailable)
HPRegen 0.57/turn    (ring unavailable)
MPRegen 0.55/turn

%: no teleportation, random rage (20%)
@: berserking, resistant, glowing, revving, very quick
A: cold resistance 1, fire resistance 1, off-hand wielding, slow wielding,
warmup strikes, no rings
}: 4/17 runes: decaying, serpentine, barnacled, gossamer
a: Renounce Religion, Potion Petition, Call Merchant, Bribe Branch


You were in the Dungeon.
You worshipped Gozag.
Gozag was greatly pleased with you.
You visited 1 branch You collected 24477 gold pieces.
You spent 9552 gold pieces at shops.
You paid 9493 gold pieces to Gozag.

Inventory:

Hand Weapons
 n - the +10 zealot's sword (offhand) {holy, Zealotry, *Rage rN+ EV+3}
   (You found it in the Dungeon)

   Zealotry:  Whenever the wielder enters a berserk rage, their allies are
   berserked alongside them.
   EV+3:      It affects your evasion (+3).
   rN+:       It protects you from negative energy.
   *Rage:     It berserks you when you make melee attacks (+20% chance).
 p - the +1 broad axe of Cugerex {flame, rElec}
   (You found it in the Dungeon)

   rElec:     It insulates you from electricity.
 q - the +0 scimitar of Floods {drain, Will++}
   (You bought it in a shop in the Dungeon)

   Will++:    It greatly increases your willpower.
 t - a +2 scimitar of flaming (weapon) {Juwon}
Missiles
 d - 4 throwing nets (quivered)
 e - 8 javelins
 w - 4 poisoned darts
Armour
 a - a +4 scale mail of fire resistance
 c - a +0 helmet (worn)
 o - the +9 scales of the Dragon King (worn) {rPois rF+ rC+ Will+}
   (You bought it in a shop in the Dungeon)

   rF+:       It protects you from fire.
   rC+:       It protects you from cold.
   rPois:     It protects you from poison Will+: It increases your willpower.
 z - a +0 cloak (worn)
 D - a +1 pair of gloves (worn)
 E - a +2 plate armour of positive energy
 I - +0 swamp dragon scales
 J - a +0 pair of boots of stealth (worn)
Jewellery
 b - the amulet of Heidway (around neck) {RegenMP ^Fragile rElec Str+3 Int+3}
   (You bought it in a shop in the Dungeon)

   [amulet of magic regeneration]

   RegenMP:   It increases your rate of magic regeneration.
   Str+3:     It affects your strength (+3).
   Int+3:     It affects your intelligence (+3).
   rElec:     It insulates you from electricity.
   ^Fragile:  It will be destroyed if unequipped.
Wands
 m - a wand of iceblast (10)
Scrolls
 k - 4 scrolls of blinking
 l - 2 scrolls of amnesia
 u - 2 scrolls of enchant armour
 v - 4 scrolls of fear
 A - 3 scrolls of enchant weapon
 C - a scroll of poison
 N - 2 scrolls of identify
Potions
 f - 8 potions of curing
 g - 5 potions of haste
 h - 2 potions of berserk rage
 i - 5 potions of magic
 j - a potion of invisibility
 r - a potion of mutation
 x - 2 potions of resistance
 F - a potion of lignification
 G - a potion of attraction
 H - 3 potions of enlightenment
 K - 2 potions of might
 M - 2 potions of heal wounds
Miscellaneous
 s - a phial of floods
 B - a box of beasts
 L - a condenser vane


   Skills:
 - Level 19.8 Fighting
 - Level 22.6 Long Blades
 - Level 2.9 Throwing
 * Level 20.5 Armour
 O Level 27 Dodging
 + Level 16.4 Evocations


You had 15 spell levels left.
You didn't know any spells.
Your spell library was empty.

Dungeon Overview and Level Annotations

Branches:
Dungeon (1/1)

Altars:
Cheibriados
Dithmenos
Elyvilon
Fedhas
Gozag
Hepliaklqana
Kikubaaqudgha
Makhleb
Nemelex Xobeh
Okawaru
Qazlal
Ru
Sif Muna
Trog
Uskayaw
Vehumet
Wu Jian
Xom
Yredelemnul
Zin
The Shining One
Beogh
Jiyva
Lugonu

Shops:
D [*![((*==[

Annotations:
D Frederick


Innate Abilities, Weirdness & Mutations

Your flesh is cold resistant. (rC+)
Your flesh is heat resistant. (rF+)
You can wield a second weapon in your off-hand.
It takes a long time for you to wield or remove held weapons.
Your first few attacks do less damage.
Your grasper-arms cannot wear rings.


Message History

Frederick shouts!
Frederick gestures wildly while chanting.
The bolt of lightning hits you! You resist. The fiery plasma misses you.
Frederick gestures at you while chanting.
The iron shot misses you.
Frederick is knocked back by the blast.
Frederick hits you from afar with a +1 demon trident of pain!
You writhe in agony.
Frederick points at you and mumbles some strange words.
The iron shot hits you!!!!
Ouch! That really hurt!
* * * LOW HITPOINT WARNING * * *
Frederick is knocked back by the blast.
Frederick mumbles some strange words.
The bolt of lightning hits you! You resist.
* * * LOW HITPOINT WARNING * * *
The fiery plasma hits you! You resist.
* * * LOW HITPOINT WARNING * * *
You closely miss Frederick with the +10 zealot's sword.
You closely miss Frederick with your +2 scimitar of flaming.
Unknown command.
Okay, then. [a] - 580 gold - resistance, heal wounds and berserk rage [b] - 168 gold - might and brilliance [c] - 340 gold - lignification, might and resistance Purchase which effect?
You feel protected.
You feel much better.
A red film seems to cover your vision as you go berserk!
You feel yourself moving faster!
You feel mighty!
Frederick casts a spell.
The bolt of lightning misses you. The fiery plasma hits you! You resist.
Unknown command.
You slash Frederick with the +10 zealot's sword!
Frederick is lightly wounded.
You closely miss Frederick with your +2 scimitar of flaming.
Frederick gestures at you while chanting.
The iron shot hits you!!!!
You die...
Frederick says, "Your greed held you back."
Your body crumbles into a pile of gold.

▓▓▓▓▓▓▓▓▓▓▓▓▓▓▓▓▓▓
.▓...▓...▓...▓...▓
.▓.▓.▓.▓.▓.▓.▓.▓.▓
.▓.▓.▓.▓∩▓.▓∩▓.▓.▓
.▓.▓.▓.▓.▓.▓.▓.▓.▓
.▓.▓.▓.▓∩▓.▓.▓.▓@▓
.▓.▓.▓.▓.▓.▓.▓.▓@▓
.▓.▓.▓.▓.▓.▓.▓.▓.▓
.▓.▓.▓.▓.▓.♣'♣.▓.▓
.▓.▓.▓.▓.▓.♣.♣.▓.▓
.▓.▓.▓.▓.▓.♣.♣.▓.▓
.▓.▓.▓.▓.▓.♣.♣.▓+▓
.▓.▓.▓.▓.▓.♣.♣.▓
.▓.▓.▓.▓'▓)♣.♣.▓


You could see Frederick.

Vanquished Creatures
  Mennas (D)
  Sojobo (D)
  Saint Roka (D)
  3 tengu reavers (D)
  4 nagarajas (D)
  Ilsuiw (D)
  6 emperor scorpions (D)
  2 fire giants (D)
  A ghost moth (D)
  A frost giant (D)
  2 ironbound preservers (D)
  2 vault wardens (D)
  A formless jellyfish (D)
  3 stone giants (D)
  An eleionoma (D)
  A very ugly thing (D)
  2 ironbound thunderhulks (D)
  2 spark wasps (D)
  2 ettins (D)
  3 fire dragons (D)
  3 entropy weavers (D)
  A merfolk javelineer (D)
  2 yaktaur captains (D)
  2 merfolk impalers (D)
  9 hydras (D)
  A great orb of eyes (D)
  A salamander tyrant (D)
  A rakshasa (D)
  A peacekeeper (D)
  Harold (D)
  2 spriggan air magi (D)
  A catoblepas (D)
  A ghost crab (D)
  An ice dragon (D)
  Erica (D)
  2 centaur warriors (D)
  An anaconda (D)
  3 boulder beetles (D)
  3 two-headed ogres (D)
  An alligator (D)
  3 death yaks (D)
  8 merfolk aquamancers (D)
  A satyr (D)
  3 naga warriors (D)
  3 tengu warriors (D)
  A vampire mage (D)
  A shock serpent (D)
  7 orc high priests (D)
  Urug (D)
  2 demonic crawlers (D)
  An occultist (D)
  2 naga sharpshooters (D)
  4 pharaoh ants (D)
  An orb spider (shapeshifter) (D)
  A mana viper (D)
  4 swamp dragons (D)
  2 arcanists (D)
  A necromancer (D)
  A harpy (D)
  A lindwurm (D)
  A deep elf pyromancer (D)
  2 ironbound convokers (D)
  2 orc knights (D)
  2 orc sorcerers (D)
  4 ugly things (D)
  2 manticores (D)
  3 wolf spiders (D)
  2 moths of wrath (D)
  5 guardian serpents (D)
  A cyclops (D)
  An elephant (D)
  3 vault sentinels (D)
  A black mamba (D)
  A water nymph (D)
  3 cane toads (D)
  A naga mage (D)
  A rime drake (D)
  An efreet (D)
  A kobold demonologist (D)
  4 komodo dragons (D)
  A troll (D)
  3 merfolk (D)
  A tarantella (D)
  2 hornets (D)
  A snapping turtle (D)
  A vampire (D)
  2 spriggans (D)
  5 yaks (D)
  A vampire mosquito (D)
  3 nagas (D)
  2 water moccasins (D)
  A swamp drake (D)
  A laughing skull (D)
  12 orc warriors (D)
  A wolf (D)
  A boggart (D)
  An ogre (D)
  3 bullfrogs (D)
  2 scorpions (D)
  A howler monkey (D)
  9 orc priests (D)
  A sleepcap (D)
  5 orc wizards (D)
  8 orcs (D)
  A ball python (D)
  A goblin (D)
  A hobgoblin (D)
  2 quokkas (D)
240 creatures vanquished.

Vanquished Creatures (others)
  A hydra (D)
  An alligator (D)
  A spriggan (D)
  A swamp dragon (D)
  A hornet (D)
5 creatures vanquished.

Grand Total: 245 creatures vanquished

Notes
Turn   | Place    | Note
-------+----------+-------------------------------------------
     0 | D        | rocky1 the Coglin Gladiator began the quest for the Orb.
     0 | D        | Reached XP level 1. HP: 16/16 MP: 1/1
    11 | D        | Reached skill level 3 in Dodging
    18 | D        | Reached XP level 2. HP: 18/23 MP: 2/2
    45 | D        | Noticed an ogre
    45 | D        | Noticed a scorpion
    45 | D        | Noticed a scorpion
    49 | D        | Killed an ogre
    50 | D        | Reached skill level 1 in Armour
    50 | D        | Reached skill level 5 in Dodging
    50 | D        | Reached XP level 3. HP: 29/29 MP: 3/3
    50 | D        | Reached XP level 4. HP: 35/35 MP: 4/4
    55 | D        | Killed a scorpion
    56 | D        | Reached XP level 5. HP: 41/41 MP: 5/5
    62 | D        | Reached skill level 10 in Long Blades
    62 | D        | Reached XP level 6. HP: 47/47 MP: 6/6
    68 | D        | Found a roughly hewn altar of Beogh.
    68 | D        | Found a snail-covered altar of Cheibriados.
    68 | D        | Found a shadowy altar of Dithmenos.
    68 | D        | Found a white marble altar of Elyvilon.
    68 | D        | Found a blossoming altar of Fedhas.
    68 | D        | Found an opulent altar of Gozag.
    69 | D        | Found a hazy altar of Hepliaklqana.
    70 | D        | Found a viscous altar of Jiyva.
    71 | D        | Found an ancient bone altar of Kikubaaqudgha.
    72 | D        | Found a corrupted altar of Lugonu.
    73 | D        | Found a burning altar of Makhleb.
    74 | D        | Found a sparkling altar of Nemelex Xobeh.
    75 | D        | Found an iron altar of Okawaru.
    76 | D        | Found a stormy altar of Qazlal.
    78 | D        | Became a worshipper of Gozag Ym Sagoz the Greedy
   109 | D        | Found a sacrificial altar of Ru.
   110 | D        | Found a shimmering blue altar of Sif Muna.
   111 | D        | Found a bloodstained altar of Trog.
   112 | D        | Found a hide-covered altar of Uskayaw.
   113 | D        | Found a radiant altar of Vehumet.
   114 | D        | Found an ornate altar of the Wu Jian Council.
   115 | D        | Found a shimmering altar of Xom.
   116 | D        | Found a basalt altar of Yredelemnul.
   117 | D        | Found a glowing silver altar of Zin.
   118 | D        | Found a glowing golden altar of the Shining One.
   126 | D        | Found the +10 zealot's sword {holy, Zealotry, *Rage rN+
                  | EV+3}
   265 | D        | Noticed a two-headed ogre
   265 | D        | Noticed a two-headed ogre
   265 | D        | Noticed a two-headed ogre
   265 | D        | Noticed a kobold demonologist
   265 | D        | Noticed a vampire mosquito
   267 | D        | Killed a two-headed ogre
   268 | D        | Reached skill level 15 in Long Blades
   268 | D        | Reached XP level 7. HP: 52/52 MP: 7/7
   272 | D        | Reached XP level 8. HP: 58/58 MP: 8/8
   275 | D        | Killed a two-headed ogre
   277 | D        | Killed a two-headed ogre
   278 | D        | Reached XP level 9. HP: 25/64 MP: 9/9
   282 | D        | Killed a kobold demonologist
   634 | D        | Noticed an orb spider
   634 | D        | Noticed a tengu warrior
   634 | D        | Noticed a deep elf pyromancer
   634 | D        | Noticed a troll
   634 | D        | Noticed a red ugly thing
   637 | D        | Killed a red ugly thing
   639 | D        | Killed an orb spider
   640 | D        | Reached XP level 10. HP: 70/70 MP: 10/10
   642 | D        | Killed a deep elf pyromancer
   656 | D        | Killed a tengu warrior
  1169 | D        | Noticed a cane toad
  1169 | D        | Noticed a black mamba
  1169 | D        | Noticed a cane toad
  1169 | D        | Noticed a cane toad
  1175 | D        | Killed a cane toad
  1176 | D        | Reached skill level 5 in Fighting
  1180 | D        | Killed a black mamba
  1183 | D        | Killed a cane toad
  1185 | D        | Killed a cane toad
  1295 | D        | Noticed a boulder beetle
  1295 | D        | Noticed an elephant
  1302 | D        | Reached skill level 10 in Fighting
  1302 | D        | Reached XP level 11. HP: 85/91 MP: 11/11
  1307 | D        | Killed a boulder beetle
  1468 | D        | Noticed a catoblepas
  1468 | D        | Noticed a death yak
  1468 | D        | Noticed a death yak
  1468 | D        | Noticed a death yak
  1473 | D        | Killed a catoblepas
  1478 | D        | Killed a death yak
  1481 | D        | Killed a death yak
  1482 | D        | Reached skill level 15 in Fighting
  1487 | D        | Killed a death yak
  1688 | D        | Noticed Erica
  1695 | D        | Killed Erica
  1922 | D        | Noticed Harold
  1931 | D        | Killed Harold
  2008 | D        | Noticed an orc high priest
  2020 | D        | Killed an orc high priest
  2021 | D        | Reached XP level 12. HP: 116/116 MP: 12/12
  2306 | D        | Found Hulymn's Antique Armour Emporium.
  2306 | D        | Noticed an orc high priest
  2306 | D        | Noticed an orc high priest
  2309 | D        | Killed an orc high priest
  2310 | D        | Noticed an orc high priest
  2313 | D        | Found Coeph's Assorted Antiques.
  2315 | D        | Killed an orc high priest
  2316 | D        | Reached skill level 6 in Dodging
  2320 | D        | Found Tisofibu's Distillery.
  2323 | D        | Found Zuagash's Antique Armour Shoppe.
  2324 | D        | Noticed an orc high priest
  2325 | D        | Killed an orc high priest
  2328 | D        | Noticed an orc high priest
  2329 | D        | Noticed an orc high priest
  2330 | D        | Noticed a soul eater
  2332 | D        | Noticed a sun demon
  2334 | D        | Killed an orc high priest
  2335 | D        | Reached skill level 5 in Armour
  2335 | D        | Reached skill level 7 in Dodging
  2344 | D        | Killed an orc high priest
  2352 | D        | Killed an orc high priest
  2353 | D        | Reached skill level 8 in Dodging
  2556 | D        | Bought a runed scale mail for 189 gold pieces
  2568 | D        | Bought a potion of berserk rage for 155 gold pieces
  2568 | D        | Bought a scroll labelled ZAGGOUQANE for 31 gold pieces
  2568 | D        | Bought 2 potions of resistance for 620 gold pieces
  2568 | D        | Bought a box of beasts for 1240 gold pieces
  2568 | D        | Bought a scroll labelled ISANAR OHOUG for 31 gold pieces
  2568 | D        | Bought a blackened scale mail for 279 gold pieces
  2568 | D        | Identified the +0 scale mail "Kacvuzul" {rF+ Str+2} (You
                  | bought it in a shop in the Dungeon)
  2568 | D        | Bought 2 cyan potions for 55 gold pieces
  2570 | D        | Bought a potion of lignification for 39 gold pieces
  2570 | D        | Bought a potion of resistance for 130 gold pieces
  2570 | D        | Bought a potion of magic for 104 gold pieces
  2570 | D        | Bought a potion of attraction for 39 gold pieces
  2570 | D        | Bought a potion of curing for 39 gold pieces
  2570 | D        | Bought a potion of enlightenment for 65 gold pieces
  2570 | D        | Bought a potion of enlightenment for 65 gold pieces
  2570 | D        | Bought a potion of heal wounds for 65 gold pieces
  2572 | D        | Bought a runed chain mail for 195 gold pieces
  2572 | D        | Bought a shiny chain mail for 195 gold pieces
  2572 | D        | Bought a runed scale mail for 182 gold pieces
  2593 | D        | Noticed Urug
  2601 | D        | Killed Urug
  2734 | D        | Got the +1 broad axe of Cugerex {flame, rElec}
  2901 | D        | Noticed a boulder beetle
  2901 | D        | Noticed a boulder beetle
  2901 | D        | Noticed a centaur warrior
  2905 | D        | Noticed a six-headed hydra
  2914 | D        | Killed a boulder beetle
  2915 | D        | Reached skill level 9 in Dodging
  2917 | D        | Noticed a fire dragon
  2919 | D        | Noticed a stone giant
  2925 | D        | Killed a boulder beetle
  2927 | D        | Killed a centaur warrior
  2928 | D        | Reached skill level 5 in Evocations
  2928 | D        | Gained mutation: Your flesh is cold resistant. (rC+)
                  | [Coglin growth]
  2928 | D        | Gained mutation: Your flesh is heat resistant. (rF+)
                  | [Coglin growth]
  2928 | D        | Reached XP level 13. HP: 121/127 MP: 13/13
  2931 | D        | Noticed a tengu reaver
  2932 | D        | Noticed a fire giant
  2933 | D        | Noticed an ettin
  2939 | D        | Killed a stone giant
  2940 | D        | Reached skill level 10 in Dodging
  2949 | D        | Killed a tengu reaver
  2952 | D        | Killed a fire giant
  2956 | D        | Killed a fire dragon
  2961 | D        | Killed an ettin
  2962 | D        | Reached skill level 11 in Dodging
  2965 | D        | Reached skill level 10 in Armour
  2967 | D        | Reached skill level 10 in Evocations
  3250 | D        | Noticed Saint Roka
  3273 | D        | Killed Saint Roka
  3274 | D        | Reached skill level 12 in Dodging
  3697 | D        | Reached skill level 13 in Dodging
  3714 | D        | Noticed an eleionoma
  3720 | D        | Killed an eleionoma
  3721 | D        | Reached skill level 14 in Dodging
  3853 | D        | Noticed a formless jellyfish
  3856 | D        | Reached skill level 15 in Dodging
  3863 | D        | Killed a formless jellyfish
  3875 | D        | Reached skill level 16 in Dodging
  4005 | D        | Noticed a spark wasp
  4005 | D        | Noticed an entropy weaver
  4005 | D        | Noticed an entropy weaver
  4012 | D        | Killed a spark wasp
  4019 | D        | Reached skill level 17 in Dodging
  4021 | D        | Killed an entropy weaver
  4022 | D        | Reached XP level 14. HP: 134/134 MP: 14/14
  4037 | D        | Reached skill level 18 in Dodging
  4327 | D        | Noticed a nagaraja
  4338 | D        | Killed a nagaraja
  4342 | D        | Reached skill level 19 in Dodging
  4363 | D        | Reached skill level 20 in Dodging
  4792 | D        | Noticed a stone giant
  4793 | D        | Noticed a stone giant
  4797 | D        | Killed a stone giant
  4798 | D        | Noticed a cyan very ugly thing
  4806 | D        | Noticed a frost giant
  4813 | D        | Noticed a fire giant
  4817 | D        | Killed a stone giant
  4818 | D        | Reached skill level 21 in Dodging
  4829 | D        | Killed a cyan very ugly thing
  4833 | D        | Killed a frost giant
  4836 | D        | Killed a fire giant
  4837 | D        | Reached skill level 22 in Dodging
  4862 | D        | Reached skill level 23 in Dodging
  5164 | D        | Noticed an ironbound thunderhulk
  5182 | D        | Killed an ironbound thunderhulk
  5186 | D        | Reached skill level 24 in Dodging
  5188 | D        | Reached XP level 15. HP: 105/141 MP: 15/15
  5188 | D        | Noticed a vault warden
  5193 | D        | Noticed a vault warden
  5206 | D        | Killed a vault warden
  5209 | D        | HP: 6/141 [vault warden/+2 battleaxe of freezing (3)]
  5210 | D        | HP: 1/141 [vault warden/+2 battleaxe of freezing (3)]
  5222 | D        | Killed a vault warden
  5234 | D        | Reached skill level 25 in Dodging
  5590 | D        | Noticed a tengu reaver
  5591 | D        | Noticed Sojobo
  5596 | D        | Killed a tengu reaver
  5597 | D        | Reached skill level 26 in Dodging
  5606 | D        | Killed Sojobo
  5607 | D        | Noticed a tengu reaver
  5620 | D        | Killed a tengu reaver
  5774 | D        | Bought a potion of haste for 340 gold pieces
  5774 | D        | Bought a shimmering scimitar for 306 gold pieces
  5774 | D        | Identified the +0 scimitar of Floods {drain, Will++} (You
                  | bought it in a shop in the Dungeon)
  5774 | D        | Bought a shiny plate armour for 884 gold pieces
  5774 | D        | Bought a scroll of identify for 68 gold pieces
  5774 | D        | Bought a potion of enlightenment for 170 gold pieces
  5774 | D        | Bought a red potion for 30 gold pieces
  5774 | D        | Bought a potion of curing for 102 gold pieces
  5774 | D        | Bought a condenser vane for 1360 gold pieces
  5774 | D        | Bought a potion of haste for 340 gold pieces
  5910 | D        | Noticed Mennas
  5941 | D        | Killed Mennas
  6173 | D        | Bought the amulet of Heidway {RegenMP ^Fragile rElec Str+3
                  | Int+3} for 612 gold pieces
  6187 | D        | Reached skill level 27 in Dodging
  6238 | D        | Got a decaying rune of Zot
  6472 | D        | Noticed a nagaraja
  6475 | D        | Reached skill level 15 in Armour
  6475 | D        | Noticed a nagaraja
  6479 | D        | Noticed a nagaraja
  6485 | D        | Killed a nagaraja
  6494 | D        | Killed a nagaraja
  6497 | D        | HP: 4/141 [naga warrior/+0 dire flail (20)]
  6611 | D        | Killed a nagaraja
  7284 | D        | Got a serpentine rune of Zot
  7421 | D        | Noticed an emperor scorpion
  7421 | D        | Noticed an emperor scorpion
  7427 | D        | Noticed an emperor scorpion
  7431 | D        | Killed an emperor scorpion
  7432 | D        | Reached XP level 16. HP: 148/148 MP: 16/16
  7479 | D        | Got a gossamer rune of Zot
  7678 | D        | Noticed Ilsuiw
  7693 | D        | Killed Ilsuiw
  7694 | D        | Reached skill level 15 in Evocations
  7762 | D        | Got a barnacled rune of Zot
  7901 | D        | Bought the +9 scales of the Dragon King {rPois rF+ rC+
                  | Will+} for 1622 gold pieces
  7901 | D        | Found the +9 scales of the Dragon King {rPois rF+ rC+
                  | Will+}
  7962 | D        | Identified the orb "Vuqanis" {light, rElec SInv}
  7962 | D        | Noticed Frederick
  7970 | D        | Killed from afar by Frederick

Illustrated notes

Levels and vault maps discovered:
D:        linesprint [early_d, line_temple, items_1, d_10, items_2, lair_1,
          lair_end, items_3, orc_1, orc_end, items_4, d_15, swamp_1, shoals_1,
          snake_1, spider_1, d_20, vaults_1, items_5, swamp_end, shoals_end,
          snake_end, spider_end, vaults_end, d_27, items_6, zot_1, zot_end,
          crypt_end, forest_end, elf_end, slime_end, tomb_end, abyss_end,
          pan_hell_end]

Skill      XL: |  1  2  3  4  5  6  7  8  9 10 11 12 13 14 15 16 |
---------------+-------------------------------------------------+-----
Dodging        | 3 5 9 17 24 27 | 27.0
Throwing       | 2 |  2.9
Fighting       | 3 10 18 19 | 19.8
Long Blades    | 6 8 10 15 18 21 22 | 22.6
Armour         | 1 8 10 17 20 | 20.5
Evocations     | 5 10 11 16 | 16.4

Action                     |  1- 3 |  4- 6 |  7- 9 | 10-12 | 13-15 | 16-18 || total
---------------------------+-------+-------+-------+-------+-------+-------++-------
  Melee: Long sword        |    16 |    14 |    13 |    86 |       |       ||   129
         Eudemon blade     |       |     2 |    16 |   178 |   366 |    72 ||   634
         Scimitar          |       |       |       |    87 |   348 |    72 ||   507
 Invoke: Call Merchant     |       |       |       |     2 |     3 |     1 ||     6
         Potion Petition   |       |       |       |       |     8 |     1 ||     9
  Evoke: Condenser vane    |       |       |       |       |       |     1 ||     1
    Use: Potion            |     1 |       |       |     1 |    16 |     1 ||    19
         Scroll            |       |       |       |     3 |     4 |       ||     7
   Stab: Distracted        |       |       |     1 |     5 |     5 |     1 ||    12
         Invisible         |       |       |       |       |    41 |       ||    41
 Armour: Leather armour    |     6 |     5 |       |       |       |       ||    11
         Plate armour      |       |     2 |     5 |    75 |       |       ||    82
         Scale mail        |       |       |       |     8 |   202 |    28 ||   238
         Gold dragon scale |       |       |       |       |       |     7 ||     7
  Dodge: Dodged            |     8 |     4 |     1 |    30 |   300 |    79 ||   422

Table legend: (Time is in decaauts)
 A = Elapsed time spent in this place.
 B = Non-inter-level travel time spent in this place.
 C = Inter-level travel time spent in this place.
 D = Time resting spent in this place.
 E = Time spent auto-exploring this place.
 F = Levels seen in this place.
 G = Mean time per level.
                   A        B        C        D        E       F      G
               +--------+--------+--------+--------+--------+-----+--------+
         Total |   7923 |   7923 |      0 |   5102 |      0 |   1 | 7923.0 |
       Dungeon |   7923 |   7923 |      0 |   5102 |      0 |   1 | 7923.0 |
               +--------+--------+--------+--------+--------+-----+--------+

Top non-repeatable levels by time:
       D: 7923 daAuts
